 Dungeon Crawl Stone Soup version 0.22-a0-392-g5dc3fd9 (webtiles) character file.

33439 iamserjio the Destroyer (level 13, -18/101 HPs)
             Began as a Barachi Wizard on May 2, 2018.
             Was a High Priest of Vehumet.
             Demolished by a two-headed ogre
             ... wielding a +0 giant spiked club
              (24 damage)
             ... on level 1 of the Orcish Mines.
             The game lasted 01:59:12 (27817 turns).

iamserjio the Destroyer (Barachi Wizard)           Turns: 27817, Time: 01:59:13

Health: -18/101    AC:  7    Str: 10    XL:     13   Next: 71%
Magic:  28/28      EV: 18    Int: 22    God:    Vehumet [*****.]
Gold:   471        SH:  6    Dex: 16    Spells: 4/34 levels left

rFire    + . .     SeeInvis .   Q - staff of energy
rCold    . . .     Gourm    .   D - +1 buckler {reflect}
rNeg     . . .     Faith    .   a - +0 robe
rPois    .         Spirit   .   c - +2 hat
rElec    .         Reflect  +   C - +0 cloak
rCorr    .         Harm     .   B - +0 pair of gloves
MR       .....                  A - +0 pair of boots
Stlth    ++........             i - amulet of rage
HPRegen  0.26/turn              j - +5 ring of dexterity
MPRegen  0.21/turn              f - ring of protection from fire

@: slow
A: +LOS, swims, slowness 1, strong legs 2
a: Hop, Renounce Religion, Evoke Berserk Rage


You were on level 1 of the Orcish Mines.
You worshipped Vehumet.
Vehumet was extremely pleased with you.
You were not hungry.

You visited 3 branches of the dungeon, and saw 17 of its levels.

You collected 831 gold pieces.
You spent 360 gold pieces at shops.

Inventory:

Hand Weapons
 b - a cursed +5 falchion of freezing
 q - a +1 dagger of venom
Armour
 a - a +0 robe (worn)
 c - a +2 hat (worn)
 A - a +0 pair of boots (worn)
 B - a +0 pair of gloves (worn)
 C - a +0 cloak (worn)
 D - a +1 buckler of reflection (worn)
 G - a +0 troll leather armour
 P - +0 acid dragon scales
Magical Staves
 J - an uncursed staff of poison
 Q - an uncursed staff of energy (weapon)
Jewellery
 f - a ring of protection from fire (right hand)
 h - an uncursed ring of positive energy
 i - an amulet of rage (around neck)
 j - a +5 ring of dexterity (left hand)
 u - an uncursed ring of resist corrosion
 H - an uncursed ring of fire {unknown}
 K - the ring "Turoce" {rF- rN+ MR+ Str-5 Dex+7}
   (You took it off an orc wizard on level 10 of the Dungeon)

   [ring of positive energy]

   It affects your strength (-5).
   It affects your dexterity (+7).
   It makes you vulnerable to fire.
   It protects you from negative energy.
   It affects your resistance to hostile enchantments.
 M - an uncursed ring of ice
Wands
 s - a wand of disintegration (8)
 I - a wand of flame (27)
Scrolls
 e - 6 scrolls of enchant weapon
 m - 8 scrolls of remove curse
 v - 4 scrolls of immolation
 y - 4 scrolls of magic mapping
 E - a scroll of teleportation
 F - a scroll of fog
 L - a scroll of torment {unknown}
 O - a scroll of vulnerability
Potions
 g - 2 potions of brilliance
 k - 4 potions of flight
 l - 2 potions of resistance
 n - a potion of haste
 o - 2 potions of might
 p - 6 potions of heal wounds
 r - a potion of berserk rage {unknown}
 t - 2 potions of curing
 w - a potion of cancellation {unknown}
 z - 3 potions of lignification
 N - a potion of mutation
Comestibles
 d - 7 rations
 R - 7 chunks of flesh


   Skills:
 + Level 9.2 Fighting
 - Level 9.0 Dodging
 - Level 1.7 Stealth
 - Level 4.0 Shields
 + Level 11.3 Spellcasting
 + Level 13.2 Conjurations
 - Level 1.2 Summonings
 - Level 1.1 Translocations
 + Level 12.2 Fire Magic
 - Level 1.0 Poison Magic


You had 4 spell levels left.
You knew the following spells:

 Your Spells              Type           Power        Failure   Level  Hunger
a - Magic Dart            Conj           ####         0%          1    None
b - Conjure Flame         Conj/Fire      ######..     1%          3    None
c - Call Imp              Summ           ###.....     4%          2    None
d - Mephitic Cloud        Conj/Pois/Air  ####....     1%          3    None
e - Blink                 Tloc           N/A          4%          2    None
f - Shock                 Conj/Air       ####         1%          1    None
g - Venom Bolt            Conj/Pois      #####.....   2%          5    None
h - Fireball              Conj/Fire      ######....   1%          5    None
i - Sticky Flame          Conj/Fire      ######..     1%          4    None
j - Iskenderun's Mystic   Conj           ######..     1%          4    None


Dungeon Overview and Level Annotations

Branches:
Dungeon (15/15)            Temple (1/1) D:6            Lair (0/6) D:10
    Orc (1/2) D:12
 Vaults: D:13-14     Depths: D:15

Altars:
Ashenzari
Cheibriados
Dithmenos
Elyvilon
Fedhas
Gozag
Hepliaklqana
Kikubaaqudgha
Makhleb
Nemelex Xobeh
Okawaru
Qazlal
Ru
Sif Muna
Trog
Uskayaw
Vehumet
Wu Jian
Xom
Yredelemnul
Zin
The Shining One

Shops:
D:8 [   D:10 [   D:14 (

Portals:
Trove: D:11 (give plate armour of Onoguot)

Annotations:
D:12 Frances


Innate Abilities, Weirdness & Mutations

Shadows flee at your approach. (+LOS)
You can swim through water.
You cover ground slowly.
You can hop long distances.


Message History

Q - an uncursed staff of energy (weapon)
You climb downwards.
Welcome back to the Orcish Mines!
The two-headed ogre hits you with a giant spiked club!!
The two-headed ogre hits you with a giant club!
The two-headed ogre hits you with a dire flail!
The two-headed ogre hits you with a dire flail.
The ogre mage gestures at you while chanting.
The bolt of lightning hits you!
* * * LOW HITPOINT WARNING * * *
The two-headed ogre hits you with a giant spiked club!
* * * LOW HITPOINT WARNING * * *
The two-headed ogre closely misses you.
There is a staircase back to the Dungeon, spattered with blood here.
As you read the scroll of fear, it crumbles to dust.
You assume a fearsome visage.
The ogre mage looks frightened!
The ogre looks frightened!
The two-headed ogre looks frightened! x2
The two-headed ogre resists with almost no effort.
The two-headed ogre closely misses you.
The two-headed ogre hits you with a giant club!!
You die...

# ##. ##..
##...# ##
#.....#O#
..#.......###
.......O@...#
......##.....#
.... #......#
.. ......##
.O.O.##
..O#.## ..####
... ..#


You could see 3 two-headed ogres, an ogre mage (fleeing) and an ogre (fleeing).

Vanquished Creatures
  Kirke (D:13)
  The ghost of Arum the Fighter, a journeyman FoFi of the Shining One (D:13)
  A vault guard (D:13)
  A hydra (D:12)
  4 centaur warriors
  7 two-headed ogres
  3 unseen horrors
  A deep elf mage (D:12)
  3 ugly things
  2 cyclopes
  2 centaur skeletons
  A kobold demonologist (D:12)
  A komodo dragon (D:13)
  2 tengu conjurers (D:14)
  A hornet (D:11)
  10 slime creatures
  4 trolls
  4 hippogriffs
  A meliai zombie (D:12)
  2 wyverns (D:12)
  2 humans
  Eustachio (D:5)
  A fire elemental (D:14)
  A hog (D:13)
  13 yaks
  A hungry ghost (D:8)
  A basilisk (D:13)
  A hog (shapeshifter) (D:15)
  Menkaure (D:6)
  3 wargs (D:10)
  9 vampire mosquitoes
  A soldier ant (D:13)
  A naga (shapeshifter) (D:13)
  An acid dragon (D:12)
  A hell hound (D:12)
  A water moccasin (D:9)
  A black bear (D:8)
  3 orc warriors
  3 sky beasts
  2 necrophages
  3 ice beasts
  3 phantoms
  4 ogres
  11 centaurs
  A crocodile (D:10)
  4 big kobolds
  9 bullfrogs
  6 scorpions
  3 killer bees (D:12)
  14 wights
  4 howler monkeys
  3 centaur zombies
  A lava snake (D:14)
  6 crimson imps
  A bullfrog zombie (D:8)
  A quasit (D:9)
  5 jellies
  10 hounds
  3 orc priests
  3 iguanas
  12 orc wizards
  8 worker ants
  2 hound skeletons
  15 adders
  A howler monkey skeleton (D:5)
  7 shadow imps
  An ooze (D:1)
  An adder zombie (D:6)
  3 worms (D:4)
  2 dart slugs
  4 leopard geckos
  37 orcs
  6 giant cockroaches
  10 goblins
  12 hobgoblins
  24 jackals
  20 kobolds
  7 quokkas
  A ball python (D:2)
  10 bats
  7 frilled lizards
  A giant cockroach zombie (D:6)
  A leopard gecko skeleton (D:4)
  7 rats
  A butterfly (D:6)
  A fungus (D:1)
396 creatures vanquished.

Vanquished Creatures (collateral kills)
  A hippogriff (D:9)
  Sigmund (D:3)
  An eye of draining (D:9)
  A centaur (D:7)
  2 ogres
  An orc wizard (D:4)
  A worker ant zombie (D:7)
  2 adders
  A worm (D:2)
  A giant cockroach (D:2)
  A jackal (D:3)
  A kobold (D:3)
  A quokka (D:3)
  A rat (D:3)
16 creatures vanquished.

Vanquished Creatures (others)
  A cyclops (D:12)
  A yaktaur (D:13)
  2 humans (D:13)
  An ooze (D:4)
5 creatures vanquished.

Grand Total: 417 creatures vanquished

Notes
Turn   | Place    | Note
-------+----------+-------------------------------------------
     0 | D:1      | iamserjio the Barachi Wizard began the quest for the Orb.
     0 | D:1      | Reached XP level 1. HP: 13/13 MP: 4/4
   305 | D:1      | Reached XP level 2. HP: 5/19 MP: 0/6
   310 | D:1      | Reached skill level 2 in Conjurations
  1024 | D:1      | Reached XP level 3. HP: 24/24 MP: 4/8
  1617 | D:2      | Learned a level 3 spell: Conjure Flame
  1620 | D:2      | Learned a level 2 spell: Call Imp
  1624 | D:2      | Learned a level 3 spell: Mephitic Cloud
  1709 | D:2      | Reached skill level 3 in Conjurations
  2051 | D:2      | Found a sacrificial altar of Ru.
  2152 | D:2      | Reached XP level 4. HP: 25/30 MP: 2/10
  2993 | D:3      | Noticed Sigmund
  3019 | D:2      | Reached skill level 4 in Conjurations
  3666 | D:3      | Killed Sigmund
  3666 | D:3      | Reached XP level 5. HP: 24/35 MP: 1/11
  3864 | D:3      | Reached skill level 5 in Conjurations
  4290 | D:4      | Reached XP level 6. HP: 26/41 MP: 3/12
  4360 | D:5      | Entered Level 5 of the Dungeon
  5113 | D:4      | Reached skill level 6 in Conjurations
  5645 | D:5      | Reached skill level 5 in Spellcasting
  5825 | D:5      | Learned a level 2 spell: Blink
  5862 | D:5      | Noticed Eustachio
  5896 | D:5      | Killed Eustachio
  5896 | D:5      | Reached XP level 7. HP: 33/46 MP: 1/15
  6079 | D:5      | Found a shattered altar of Ashenzari.
  6263 | D:5      | Reached skill level 7 in Conjurations
  6523 | D:6      | Noticed Menkaure
  6663 | D:6      | Killed Menkaure
  7025 | D:6      | Found a staircase to the Ecumenical Temple.
  7039 | Temple   | Entered the Ecumenical Temple
  7077 | Temple   | Became a worshipper of Vehumet
  7193 | D:6      | Reached XP level 8. HP: 44/53 MP: 11/16
  7252 | D:6      | Reached skill level 8 in Conjurations
  7259 | D:6      | Found an iron altar of Okawaru.
  7330 | D:6      | Reached skill level 1 in Fighting
  8266 | D:6      | Reached skill level 9 in Conjurations
  9240 | D:7      | Reached XP level 9. HP: 64/65 MP: 9/19
  9464 | D:7      | Reached * piety under Vehumet
  9464 | D:7      | Offered knowledge of Shock by Vehumet.
  9777 | D:7      | Learned a level 1 spell: Shock
  9800 | D:7      | Reached skill level 10 in Conjurations
 10476 | D:7      | Found Seocaukh's Food Boutique.
 10838 | D:8      | Reached skill level 1 in Fire Magic
 10972 | D:8      | Reached skill level 5 in Fighting
 11430 | D:8      | Found Ceedaduu's Armour Boutique.
 11435 | D:8      | Bought a +0 pair of boots for 72 gold pieces
 11435 | D:8      | Bought a +0 cloak for 72 gold pieces
 11435 | D:8      | Bought a +1 buckler of reflection for 216 gold pieces
 11753 | D:9      | Reached skill level 1 in Shields
 11798 | D:9      | Noticed a two-headed ogre
 11941 | D:9      | Noticed a cyan ugly thing
 12006 | D:9      | Killed a cyan ugly thing
 12162 | D:9      | Reached XP level 10. HP: 74/76 MP: 15/21
 12353 | D:9      | Learned a level 5 spell: Venom Bolt
 12356 | D:9      | Learned a level 2 spell: Poisonous Vapours
 12635 | D:9      | Reached ** piety under Vehumet
 12635 | D:9      | Offered knowledge of Throw Frost by Vehumet.
 12749 | D:9      | Noticed a two-headed ogre
 12951 | D:9      | Reached skill level 1 in Poison Magic
 13249 | D:9      | Reached skill level 5 in Fire Magic
 13573 | D:9      | Killed a two-headed ogre
 13573 | D:9      | Reached skill level 11 in Conjurations
 13691 | D:9      | Noticed a two-headed ogre
 14431 | D:9      | Killed a two-headed ogre
 14432 | D:9      | Noticed a brown ugly thing
 14454 | D:9      | Killed a brown ugly thing
 14454 | D:9      | Reached XP level 11. HP: 22/84 MP: 3/23
 14796 | D:9      | Offered knowledge of Dazzling Spray by Vehumet.
 14816 | D:9      | Learned a level 3 spell: Dazzling Spray
 15139 | D:9      | Learned a level 4 spell: Iskenderun's Mystic Blast
 15890 | D:9      | Found a white marble altar of Elyvilon.
 15890 | D:9      | Found an ancient bone altar of Kikubaaqudgha.
 15894 | D:9      | Found a glowing silver altar of Zin.
 16194 | D:10     | Entered Level 10 of the Dungeon
 16456 | D:10     | Reached *** piety under Vehumet
 16580 | D:10     | Found Taeted's Antique Armour Shoppe.
 16798 | D:10     | Killed a two-headed ogre
 16808 | D:10     | Noticed a two-headed ogre
 16997 | D:9      | Killed a two-headed ogre
 17122 | D:10     | Got a clouded golden ring
 17181 | D:10     | Offered knowledge of Static Discharge by Vehumet.
 17832 | D:10     | Reached skill level 5 in Dodging
 17904 | D:10     | Noticed a two-headed ogre
 17928 | D:10     | Killed a two-headed ogre
 17928 | D:10     | Reached skill level 12 in Conjurations
 18135 | D:10     | Found a staircase to the Lair.
 18489 | D:11     | Noticed a two-headed ogre
 18491 | D:11     | Killed a two-headed ogre
 18713 | D:11     | Got a transparent great mace
 18762 | D:11     | Learned a level 5 spell: Fireball
 18788 | D:11     | Found a portal to a secret trove of treasure.
 18835 | D:11     | Identified the ring "Turoce" {rF- rN+ MR+ Str-5 Dex+7} (You took it off an orc wizard on level 10 of the Dungeon)
 18878 | D:11     | Identified the +8 great mace of Utuumie {venom, rElec} (You found it on level 11 of the Dungeon)
 19639 | D:12     | Noticed Frances
 19639 | D:12     | Noticed a deep elf mage
 20502 | D:12     | Killed an unseen horror
 20502 | D:12     | Reached XP level 12. HP: 87/92 MP: 15/25
 20570 | D:12     | Learned a level 4 spell: Sticky Flame
 21294 | D:12     | Reached **** piety under Vehumet
 21324 | D:12     | Noticed a seven-headed hydra
 21716 | D:12     | Killed a seven-headed hydra
 21716 | D:12     | Reached skill level 10 in Spellcasting
 21721 | D:12     | Reached skill level 10 in Fire Magic
 21927 | D:13     | Noticed Arum's ghost (journeyman FoFi)
 22149 | D:12     | Offered knowledge of Stone Arrow by Vehumet.
 22344 | D:12     | Found a staircase to the Orcish Mines.
 22546 | D:13     | Noticed a centaur warrior
 22547 | D:13     | Killed a centaur warrior
 23027 | D:13     | Noticed a centaur warrior
 23194 | D:13     | Killed a centaur warrior
 23448 | D:13     | Noticed Kirke
 23578 | D:13     | Killed Kirke
 23578 | D:13     | Gained mutation: You can hop long distances. [Barachi growth]
 23578 | D:13     | Reached XP level 13. HP: 101/101 MP: 7/27
 24158 | D:13     | Killed Arum's ghost
 24158 | D:13     | Reached ***** piety under Vehumet
 24685 | D:14     | Found Penaeresch's Weapon Shoppe.
 24711 | D:14     | Offered knowledge of Bolt of Magma by Vehumet.
 25182 | D:15     | Entered Level 15 of the Dungeon
 26284 | D:15     | Reached skill level 13 in Conjurations
 26799 | D:14     | HP: 5/101 [slime creature (19)]
 27186 | D:13     | Noticed a vault guard
 27362 | D:13     | Killed a vault guard
 27724 | Orc:1    | Entered Level 1 of the Orcish Mines
 27724 | Orc:1    | Noticed an ogre mage
 27817 | Orc:1    | Demolished by a two-headed ogre

Vault maps used:
D:1:      dpeg_cavernosity
D:2:      nicolae_ru_great_annihilating_truth
D:3:      uniq_sigmund
D:4:      cheibrodos_sewer_entry_bend
D:5:      basic_altar, first_ration, uniq_eustachio
D:6:      lemuel_upstairs_altar, marbit_many_paths,
          minmay_temple_entry_butterflies, uniq_menkaure
D:7:      serial_shops, shop
D:8:      serial_shops, kennysheep_little_box
D:9:      minmay_the_grid_triangle_9x9_rhombus_thin,
          nicolae_overflow_hidden_temple
D:10:     erik_lair_orcish_takeover, serial_shops, shop
D:11:     serial_corexii_hall, corexii_hall_statues_s,
          corexii_hall_statues_deadend, nicolae_trove_entry_columns
D:12:     orc_0_dummy, grunt_pizzeria, uniq_frances
D:13:     grunt_vaults_entry_fortified, kennysheep_generic_room_8, uniq_azrael,
          uniq_kirke
D:14:     serial_shops, shop_fountains, kennysheep_cross_room
D:15:     grunt_enter_depths_snipers, minmay_splitting_lines
Temple:   compressed_dpeg_circular_temple
Orc:1:    nicolae_alphabet_shops, led_sif_book, uniq_urug, uniq_snorg

Skill      XL: |  1  2  3  4  5  6  7  8  9 10 11 12 13 |
---------------+----------------------------------------+-----
Conjurations   | 2 3 4 5 6 7 9 10 11 12 13 | 13.2
Spellcasting   | 4 5 6 7 8 9 10 11 | 11.3
Fighting       | 3 5 7 8 9 |  9.2
Fire Magic     | 3 6 9 11 12 | 12.2
Shields        | 3 4 |  4.0
Poison Magic   | 1 |  1.0
Dodging        | 3 6 7 9 |  9.0
Stealth        | |  1.7
Summonings     | |  1.2
Translocations | |  1.1

Action                   |  1- 3 |  4- 6 |  7- 9 | 10-12 | 13-15 || total
-------------------------+-------+-------+-------+-------+-------++-------
Melee: Club              |    42 |    37 |       |       |       ||    79
       Dagger            |       |       |    26 |    29 |       ||    55
       Trident           |       |       |       |    13 |       ||    13
       Staff             |       |       |       |    43 |    46 ||    89
       Short sword       |       |       |       |    10 |       ||    10
 Cast: Magic Dart        |    95 |   178 |   366 |   506 |    58 ||  1203
       Call Imp          |     2 |    21 |    23 |    27 |       ||    73
       Mephitic Cloud    |       |     1 |     5 |    10 |     2 ||    18
       Blink             |       |       |     4 |    10 |     1 ||    15
       Conjure Flame     |       |       |     9 |    50 |     4 ||    63
       Venom Bolt        |       |       |       |    30 |    11 ||    41
       Fireball          |       |       |       |    68 |    65 ||   133
       Iskenderun's Myst |       |       |       |     2 |     4 ||     6
       Dazzling Spray    |       |       |       |     1 |       ||     1
       Sticky Flame      |       |       |       |    15 |    27 ||    42
 Abil: Hop               |       |       |     2 |     4 |     2 ||     8
       Evoke Berserk Rag |       |       |       |     1 |       ||     1
Evoke: Wand              |       |       |     4 |    17 |     3 ||    24
       Staff of energy   |       |       |       |       |     6 ||     6
  Use: Potion            |       |     1 |     1 |       |       ||     2
       Scroll            |       |     7 |    11 |     9 |     4 ||    31
  Eat: Chunk             |     4 |    12 |     9 |    24 |     9 ||    58
       Ration            |       |       |     4 |    10 |     4 ||    18
Armor: Robe              |     7 |    19 |    28 |    99 |    20 ||   173
Dodge: Dodged            |    34 |    92 |   123 |   268 |    99 ||   616
Block: Buckler           |       |       |     8 |   121 |    47 ||   176
       Reflection        |       |       |       |     5 |     5 ||    10

Table legend:
 A = Spawn XP
 B = Non-spawn XP
 C = Spawn XP percentage of total XP
 D = Spawn monster count
 E = Non-spawn monster count
 F = Spawn count percentage of total count
 G = Total turns spent on level
                    A         B        C        D         E        F      G
               +---------+---------+-------+---------+---------+-------+---------
         Total |       0 |   47770 |   0.0 |       0 |     412 |   0.0 | 27817
               +---------+---------+-------+---------+---------+-------+---------
           D:1 |       0 |      45 |   0.0 |       0 |      24 |   0.0 |  1605
           D:2 |       0 |      91 |   0.0 |       0 |      35 |   0.0 |  1550
           D:3 |       0 |     163 |   0.0 |       0 |      24 |   0.0 |  1102
           D:4 |       0 |     209 |   0.0 |       0 |      20 |   0.0 |  1268
           D:5 |       0 |     476 |   0.0 |       0 |      14 |   0.0 |  1992
           D:6 |       0 |    1272 |   0.0 |       0 |      26 |   0.0 |  2074
           D:7 |       0 |    1017 |   0.0 |       0 |      29 |   0.0 |  1032
           D:8 |       0 |     743 |   0.0 |       0 |      12 |   0.0 |  2003
           D:9 |       0 |    7413 |   0.0 |       0 |      54 |   0.0 |  3973
          D:10 |       0 |    3832 |   0.0 |       0 |      33 |   0.0 |  1574
          D:11 |       0 |    2063 |   0.0 |       0 |      13 |   0.0 |  2477
          D:12 |       0 |    8687 |   0.0 |       0 |      44 |   0.0 |  3248
          D:13 |       0 |   12595 |   0.0 |       0 |      40 |   0.0 |   740
          D:14 |       0 |    3790 |   0.0 |       0 |      24 |   0.0 |  2742
          D:15 |       0 |    5335 |   0.0 |       0 |      19 |   0.0 |   235
        Temple |       0 |      39 |   0.0 |       0 |       1 |   0.0 |   197
               +---------+---------+-------+---------+---------+-------+---------
